AoeStats
← KOSOVAR

Arabia

508680287Analyzed
1v1 RM · 10d ago on Sep 23, 2026· 32m 49s· 2 players
Game mode
Random Map
Map size
Tiny (2 player)
Population
200
Speed
Normal
Resources
Standard
Victory
Conquest
Starting age
Dark Age
Ending age
Imperial Age
RankedLock teamsTeams togetherTeam positionsShared explorationLock speedFull tech treeHidden civsTurbo modeCheats
Victory
Defeat
🇪🇸 Tupi · Spain
637
+15
611
-15
JEMITO ŠUMAFUK 1916539043 CZ
1:18 Loom
11:21 Feudal Age
12:37 Double-Bit Axe
12:38 Horse Collar
14:48 Wheelbarrow
14:50 Town Watch
15:14 Gold Mining
17:35 Fletching
17:46 Padded Archer Armor
22:09 Castle Age
23:21 Town Patrol
22:45 Crossbowman
23:47 Hand Cart
26:15 Stone Mining
26:37 Bow Saw
26:30 Heavy Plow
26:39 Treadmill Crane
26:55 Murder Holes
29:34 Stone Shaft Mining
32:03 Imperial Age
31:03 Ballistics
31:29 Thumb Ring
32:30 Arbalester
KOSOVAR
5:53 Loom
11:03 Feudal Age
11:38 Double-Bit Axe
19:19 Castle Age
17:52 Gold Mining
18:04 Fletching
19:36 Padded Archer Armor
22:03 Gold Shaft Mining
23:54 Horse Collar
25:52 Wheelbarrow
25:54 Ballistics
26:39 Bodkin Arrow
27:45 Leather Archer Armor
29:02 Hand Cart
34:32 Imperial Age
Connection lost

Rejoining the realm…

Still unreachable

The connection could not be restored.

Session expired

The server has moved on; the page needs a fresh start.